 Dungeon Crawl Stone Soup version 0.31-a0-151-ge443d1f16c (webtiles) character file.

Game seed: 9388540634147083387

79 qw the Shooter (level 4, 0/28 HPs)
             Began as a Gargoyle Hunter on June 8, 2023.
             Was an Initiate of Okawaru.
             Slain by an orc
             ... wielding a +1 flail of protection
              (5 damage)
             ... on level 2 of the Dungeon.
             The game lasted 00:00:39 (1379 turns).

qw the Shooter (Gargoyle Hunter)                    Turns: 1379, Time: 00:00:39

Health: 0/28       AC:  9    Str: 14    XL:     4   Next: 37%
Magic:  4/4        EV: 11    Int: 10    God:    Okawaru [......]
Gold:   45         SH:  0    Dex: 15    Spells: 3/3 levels left

rFire   . . .        Y - +0 shortbow
rCold   . . .        (shield currently unavailable)
rNeg    + . .        f - +0 ring mail
rPois   inf          (no helmet)
rElec   +            (no cloak)
rCorr   .            (no gloves)
SInv    .            (no boots)
Will    .....        (no amulet)
Stlth   +            (no ring)
HPRegen 0.24/turn    (no ring)
MPRegen 0.09/turn

%: no passive effects
@: hasted, very quick
A: sickness immunity, AC +3, negative energy resistance 1, electricity
resistance, torment resistance 1, petrification resistance
a: Renounce Religion


You were on level 2 of the Dungeon.
You worshipped Okawaru.
Okawaru was noncommittal.
You visited 1 branch of the dungeon, and saw 3 of its levels.

You collected 45 gold pieces.


Innate Abilities, Weirdness & Mutations

You are immune to sickness and miasma.
Your stone body is resilient. (AC +3)
You are immune to poison.
You resist negative energy. (rN+)
You are resistant to electric shocks. (rElec)
You are resistant to unholy torment.
You are immune to petrification.


   Skills:
 - Level 3.0 Fighting
 + Level 5.0 Ranged Weapons
 - Level 1.9 Armour
 - Level 1.5 Dodging
 - Level 1.1 Stealth


You had 3 spell levels left.
You didn't know any spells.
Your spell library was empty.

Inventory:

Hand Weapons
 Y - a +0 shortbow (weapon)
Armour
 f - a +0 ring mail (worn)
Scrolls
 c - a scroll of identify
Potions
 d - a potion of haste
 g - a potion of resistance

Dungeon Overview and Level Annotations

Branches:
Dungeon (3/15)

Altars:
Okawaru


Message History

Waypoint 2 assigned to D:3.
You shoot an arrow.
The arrow hits the orc but does no damage.
You shoot an arrow. The arrow hits the orc.
The orc is lightly wounded.
The orc closely misses you. The orc hits you but does no damage.
You shoot an arrow.
The arrow hits the orc but does no damage.
The orc is lightly wounded.
The orc hits you with a +1 flail of protection.
The orc hits you with a +0 falchion. The orc barely misses you.
1371 ||| STAIRDANCE The orc hits you with a +1 flail of protection!
The orc completely misses you. The orc hits you but does no damage.
You climb upwards.
There is a stone staircase leading down here.
You shoot an arrow. The arrow closely misses the orc.
The orc hits you but does no damage. The orc hits you with a +0 hand axe.
The orc barely misses you.
You shoot an arrow. The arrow closely misses the orc.
You shoot an arrow.
The arrow hits the orc but does no damage.
The orc is lightly wounded.
The orc hits you but does no damage. The orc hits you with a +0 hand axe.
The orc closely misses you.
You shoot an arrow. The arrow barely misses the orc.
The orc hits you but does no damage. The orc misses you.
The orc barely misses you.
You shoot an arrow. The arrow hits the orc.
The orc is heavily wounded.
The orc hits you with a +0 falchion. The orc hits you but does no damage.
The orc misses you.
You shoot an arrow.
The arrow hits the orc but does no damage.
The orc is heavily wounded.
The orc barely misses you. The orc hits you but does no damage.
The orc barely misses you.
You shoot an arrow. The arrow closely misses the orc.
The orc barely misses you. The orc hits you but does no damage.
The orc hits you with a +1 flail of protection.
You die...

..........#...#.# #.#
##### ..............#.##
#.#
.................####.#
.....%..........)##...#
######...........##.#####
######.............######
# ##......##.........# #
#....o.##.##.####.# #
########.o@..#.......#.#
#
#........o...#.......#.#
#
#............#.......#.#
#
#............#.........#
#
#............#.#########
###....#....!#.#
######.....#:# #.....#.#
#####.#.#


You could see 3 orcs.

Vanquished Creatures
  Terence (D:2)
  2 dart slugs
  2 endoplasms (D:1)
  5 giant cockroaches
  4 goblins
  A hobgoblin (D:1)
  7 jackals
  2 kobolds (D:1)
  4 quokkas
  4 ball pythons (D:1)
  5 bats
  2 frilled lizards (D:1)
  4 rats
43 creatures vanquished.

Notes
Turn   | Place    | Note
-------+----------+-------------------------------------------
     0 | D:1      | qw the Gargoyle Hunter began the quest for the Orb.
     0 | D:1      | Reached XP level 1. HP: 12/12 MP: 1/1
     0 | D:1      | 0 ||| qw: Version: 0.2-a-120-gdf1a93b
     0 | D:1      | 0 ||| qw: Game counter: 3034
     0 | D:1      | 0 ||| qw: Always use a shield: true
     0 | D:1      | 0 ||| qw: God list: Okawaru
     0 | D:1      | 0 ||| qw: Allow faded altars: false
     0 | D:1      | 0 ||| qw: Do Orc after D:15 true
     0 | D:1      | 0 ||| qw: Do second Lair branch before Depths: true
     0 | D:1      | 0 ||| qw: Lair rune preference: random
     0 | D:1      | 0 ||| qw: Plans: Normal
     0 | D:1      | 0 ||| PLANNING D:1-11
   133 | D:1      | Reached XP level 2. HP: 17/17 MP: 2/2
   278 | D:1      | Reached XP level 3. HP: 19/21 MP: 3/3
   452 | D:1      | 452 ||| FLEEEEING.
   453 | D:1      | 453 ||| FLEEEEING.
   454 | D:1      | 454 ||| FLEEEEING.
   455 | D:1      | 455 ||| FLEEEEING.
   456 | D:1      | 456 ||| FLEEEEING.
   457 | D:1      | 457 ||| FLEEEEING.
   458 | D:1      | 458 ||| FLEEEEING.
   459 | D:1      | 459 ||| FLEEEEING.
   465 | D:1      | Reached skill level 5 in Ranged Weapons
   779 | D:1      | 779 ||| UPGRADING to +0 ring mail.
   789 | D:1      | 789 ||| DROPPING +0 leather armour.
   790 | D:1      | 790 ||| DROPPING ring of wizardry.
   791 | D:1      | 791 ||| READING scroll labelled XAD RUHAHU.
   792 | D:1      | 792 ||| READING scroll labelled OMEASIBOUWK.
   796 | D:1      | 796 ||| READING scroll labelled EMUSUSKUEM.
   797 | D:1      | 797 ||| DROPPING scroll of butterflies.
   811 | D:2      | Noticed Terence
   819 | D:2      | Killed Terence
   820 | D:2      | Reached skill level 1 in Armour
   820 | D:2      | Reached XP level 4. HP: 25/27 MP: 4/4
   861 | D:2      | Found an iron altar of Okawaru.
   862 | D:2      | 862 ||| PLANNING OKAWARU WORSHIP
   869 | D:2      | Became a worshipper of Warmaster Okawaru
   869 | D:2      | 869 ||| PLANNING D:1-11
  1262 | D:2      | Reached skill level 3 in Fighting
  1355 | D:2      | 1355 ||| DROPPING ring of magical power.
  1356 | D:2      | 1356 ||| READING scroll labelled CUACWU LUCHAWK.
  1357 | D:2      | 1357 ||| DRINKING 2 glowing orange potions.
  1358 | D:2      | 1358 ||| READING 3 scrolls of identify.
  1358 | D:2      | 1358 ||| IDENTIFYING coppery potion
  1359 | D:2      | 1359 ||| READING 2 scrolls of identify.
  1359 | D:2      | 1359 ||| IDENTIFYING bubbling clear potion
  1360 | D:2      | 1360 ||| DROPPING potion of invisibility.
  1371 | D:3      | 1371 ||| STAIRDANCE
  1377 | D:2      | HP: 4/28 [orc/+0 falchion (4)]
  1379 | D:2      | Slain by an orc

Levels and vault maps discovered:
D:1:      wander_arrival_estate, layout_basic, minmay_misc_feat_nine_boxes
D:2:      layout_basic, basic_altar, corner_web_ring, uniq_terence
D:3:      layout_basic, uniq_grinder

Skill      XL: |  1  2  3  4 |
---------------+-------------+-----
Ranged Weapons | 5 |  5.0
Armour         | 1 |  1.9
Fighting       | 3 |  3.0
Dodging        | |  1.5
Stealth        | |  1.1

Action                     |  1- 3 |  4- 6 || total
---------------------------+-------+-------++-------
   Fire: Shortbow          |    81 |    61 ||   142
    Use: Scroll            |     3 |     3 ||     6
         Potion            |       |     1 ||     1
 Armour: Leather armour    |     7 |       ||     7
         Ring mail         |     3 |    35 ||    38
  Dodge: Dodged            |    15 |    35 ||    50

Table legend:
 A = Non-vault XP
 B = Vault XP
 C = Vault XP percentage of total XP
 D = Non-vault monster count
 E = Vault monster count
 F = Vault count percentage of total count
                 A         B        C        D         E       F
            +---------+---------+-------+---------+---------+-------
      Total |      77 |      36 |  31.9 |      42 |       1 |   2.3
            +---------+---------+-------+---------+---------+-------
        D:1 |      46 |       0 |   0.0 |      26 |       0 |   0.0
        D:2 |      31 |      36 |  53.7 |      16 |       1 |   5.9
            +---------+---------+-------+---------+---------+-------
